MWL (24 & UNDER)
MANHATTEN MEATHEADS @ PLUMSTEAD EAGLES
08/15/2028
 
TOP OF THE 1ST
Manhatten Meatheads batting - Pitching for Plumstead Eagles : RHP Archie King
Pitching: RHP Archie King
Batting: RHB Luis Reynoso 0-0: Called Strike
0-1: DOUBLE (Line Drive, 78D)
Batting: LHB Manuel Ortega 0-0: Ball
1-0: Ball
2-0: Called Strike
2-1: Swinging Strike
2-2: Ball
3-2: Strikes out swinging
Batting: LHB Hidalgo García 0-0: Fly out, F7 (Flyball, 7)
Batting: RHB George Green 0-0: Ball
1-0: Called Strike
1-1: Swinging Strike
1-2: Foul Ball, location: 2F
1-2: Strikes out looking
Top of the 1st over - 0 run(s), 1 hit(s), 0 error(s), 1 left on base; Manhatten 0 - Plumstead 0
BOTTOM OF THE 1ST
Plumstead Eagles batting - Pitching for Manhatten Meatheads : RHP Juan De Jesús
Pitching: RHP Juan De Jesús
Batting: LHB Dennis McConnell 0-0: Ball
1-0: Called Strike
1-1: Called Strike
1-2: Ball
2-2: Ball
3-2: Base on Balls
Batting: RHB Diego Ledezma 0-0: Ball
1-0: Ball
2-0: Called Strike
2-1: Swinging Strike
2-2: Strikes out swinging
Batting: LHB Roberto Rodríguez 0-0: Foul Ball, location: 2F
0-1: Swinging Strike
0-2: Strikes out looking
Batting: LHB Ryan Flynn 0-0: Called Strike
0-1: Ball
1-1: Ball
Dennis McConnell is caught stealing 2nd base
Bottom of the 1st over - 0 run(s), 0 hit(s), 0 error(s), 0 left on base; Manhatten 0 - Plumstead 0
TOP OF THE 2ND
Manhatten Meatheads batting - Pitching for Plumstead Eagles : RHP Archie King
Batting: LHB Brent Haynes 0-0: Called Strike
0-1: Ball
1-1: Foul Ball, location: 2F
1-2: Strikes out swinging
Batting: RHB José Esparza 0-0: Ground out 3-1 (Groundball, 34S)
Batting: LHB Eric Dillard 0-0: Foul Ball, location: 2F
0-1: Swinging Strike
0-2: Ball
1-2: SINGLE (Groundball, 34D)
Batting: RHB Lúcio Sánchez 0-0: Ball
1-0: SINGLE (Groundball, 34S) (infield hit)
Eric Dillard to second
Batting: RHB Pedro Delgado 0-0: Called Strike
0-1: Foul Ball, location: 2F
0-2: Ball
1-2: Ball
2-2: Strikes out swinging
Top of the 2nd over - 0 run(s), 2 hit(s), 0 error(s), 2 left on base; Manhatten 0 - Plumstead 0
BOTTOM OF THE 2ND
Plumstead Eagles batting - Pitching for Manhatten Meatheads : RHP Juan De Jesús
Batting: LHB Ryan Flynn 0-0: Swinging Strike
0-1: Ball
1-1: Called Strike
1-2: Strikes out swinging
Batting: RHB Rob Brady 0-0: Ball
1-0: Called Strike
1-1: Ball
2-1: Ball
3-1: Base on Balls
Batting: RHB Wilson Durán 0-0: Ball
1-0: Ball
2-0: Called Strike
2-1: Ball
3-1: Grounds into double play, 1-4-3 (Groundball, 15S)
Bottom of the 2nd over - 0 run(s), 0 hit(s), 0 error(s), 0 left on base; Manhatten 0 - Plumstead 0
TOP OF THE 3RD
Manhatten Meatheads batting - Pitching for Plumstead Eagles : RHP Archie King
Batting: RHB Luis Reynoso 0-0: Ball
1-0: Ball
2-0: Ball
3-0: Called Strike
3-1: Foul Ball, location: 2F
3-2: Strikes out swinging
Batting: LHB Manuel Ortega 0-0: Called Strike
0-1: Ball
1-1: Ball
2-1: Foul Ball, location: 2F
2-2: Strikes out swinging
Batting: LHB Hidalgo García 0-0: Called Strike
0-1: SINGLE (Flyball, 34D)
Batting: RHB George Green 0-0: Fly out, F8 (Flyball, 8LS)
Top of the 3rd over - 0 run(s), 1 hit(s), 0 error(s), 1 left on base; Manhatten 0 - Plumstead 0
BOTTOM OF THE 3RD
Plumstead Eagles batting - Pitching for Manhatten Meatheads : RHP Juan De Jesús
Batting: RHB Carlos Palomón 0-0: Ball
1-0: Foul Ball, location: 2F
1-1: Ball
2-1: Called Strike
2-2: SOLO HOME RUN (Flyball, 7D), Distance : 360 ft
Batting: RHB Kolomon Meise 0-0: Called Strike
0-1: Ground out 6-3 (Groundball, 6)
Batting: RHB Lúcio Alfaro 0-0: Ball
1-0: Called Strike
1-1: Fly out, F8 (Flyball, 8RM)
Batting: LHB Dennis McConnell 0-0: Ball
1-0: Foul Ball, location: 2F
1-1: Ball
2-1: Called Strike
2-2: Ball
3-2: Foul Ball, location: 2F
3-2: Foul Ball, location: 2F
3-2: Foul Ball, location: 2F
3-2: Foul Ball, location: 2F
3-2: Strikes out looking
Bottom of the 3rd over - 1 run(s), 1 hit(s), 0 error(s), 0 left on base; Manhatten 0 - Plumstead 1
TOP OF THE 4TH
Manhatten Meatheads batting - Pitching for Plumstead Eagles : RHP Archie King
Batting: LHB Brent Haynes 0-0: Foul Ball, location: 2F
0-1: Ball
1-1: Fly out, F6 (Line Drive, 6M)
Batting: RHB José Esparza 0-0: Swinging Strike
0-1: Called Strike
0-2: Foul Ball, location: 2F
0-2: Strikes out looking
Batting: LHB Eric Dillard 0-0: Foul Ball, location: 2F
0-1: Swinging Strike
0-2: Strikes out swinging
Top of the 4th over - 0 run(s), 0 hit(s), 0 error(s), 0 left on base; Manhatten 0 - Plumstead 1
BOTTOM OF THE 4TH
Plumstead Eagles batting - Pitching for Manhatten Meatheads : RHP Juan De Jesús
Batting: RHB Diego Ledezma 0-0: Called Strike
0-1: Ball
1-1: Swinging Strike
1-2: Ball
2-2: Ball
3-2: Strikes out swinging
Batting: LHB Roberto Rodríguez 0-0: Ground out 6-3 (Groundball, 6)
Batting: LHB Ryan Flynn 0-0: Ball
1-0: Ball
2-0: Ball
3-0: Base on Balls
Batting: RHB Rob Brady 0-0: Ball
1-0: SINGLE (Flyball, 8RS)
Ryan Flynn to second
Batting: RHB Wilson Durán 0-0: SINGLE (Line Drive, 5S)
Ryan Flynn to third
Rob Brady to second
Runner from 3rd tries for Home, SAFE, throw made home
Rob Brady to third
Wilson Durán to second
Batting: RHB Carlos Palomón 0-0: Called Strike
0-1: Ball
1-1: Foul Ball, location: 2F
1-2: Foul Ball, location: 2F
1-2: Strikes out swinging
Bottom of the 4th over - 1 run(s), 2 hit(s), 0 error(s), 2 left on base; Manhatten 0 - Plumstead 2
TOP OF THE 5TH
Manhatten Meatheads batting - Pitching for Plumstead Eagles : RHP Archie King
Batting: RHB Lúcio Sánchez 0-0: Ball
1-0: Fly out, F6 (Popup, 6D)
Batting: RHB Pedro Delgado 0-0: Called Strike
0-1: Ball
1-1: Ball
2-1: Called Strike
2-2: Strikes out swinging
Batting: RHB Luis Reynoso 0-0: Foul Ball, location: 2F
0-1: Ground out 6-3 (Groundball, 6)
Top of the 5th over - 0 run(s), 0 hit(s), 0 error(s), 0 left on base; Manhatten 0 - Plumstead 2
BOTTOM OF THE 5TH
Plumstead Eagles batting - Pitching for Manhatten Meatheads : RHP Juan De Jesús
Batting: RHB Kolomon Meise 0-0: Ball
1-0: Ball
2-0: Ball
3-0: Called Strike
3-1: Swinging Strike
3-2: Base on Balls
Batting: RHB Lúcio Alfaro 0-0: Called Strike
0-1: Foul Ball, location: 2F
0-2: Fielders Choice at 2nd, 1-4 (Groundball, 15S)
Batting: LHB Dennis McConnell 0-0: Ball
1-0: Swinging Strike
1-1: Ball
Lúcio Alfaro steals 2nd base
2-1: Reached on error, E4 (Groundball, 4)
Lúcio Alfaro to third
Pitching: RHP Jesús Medina
Batting: RHB Diego Ledezma 0-0: Ball
1-0: Fielders Choice at 2nd, 6-4 (Groundball, 56)
Lúcio Alfaro scores
Batting: LHB Roberto Rodríguez 0-0: Called Strike
0-1: Ball
1-1: Ball
2-1: Ground out 4-3 (Groundball, 34)
Bottom of the 5th over - 1 run(s), 0 hit(s), 1 error(s), 1 left on base; Manhatten 0 - Plumstead 3
TOP OF THE 6TH
Manhatten Meatheads batting - Pitching for Plumstead Eagles : RHP Archie King
Batting: LHB Manuel Ortega 0-0: Fly out, F9 (Flyball, 9)
Batting: LHB Hidalgo García 0-0: Called Strike
0-1: Ball
1-1: Ball
2-1: Foul Ball, location: 2F
2-2: Ball
3-2: Base on Balls
Batting: RHB George Green 0-0: Ball
1-0: Ball
2-0: SINGLE (Groundball, 56D)
Hidalgo García to second
Batting: LHB Brent Haynes 0-0: Ball
1-0: Called Strike
1-1: Foul Ball, location: 2F
1-2: Strikes out swinging
Pitching: RHP Millard Manning
Batting: RHB José Esparza 0-0: Ball
1-0: Ball
2-0: Called Strike
2-1: Fielders Choice at 2nd, 4-6 (Groundball, 4)
Top of the 6th over - 0 run(s), 1 hit(s), 0 error(s), 1 left on base; Manhatten 0 - Plumstead 3
BOTTOM OF THE 6TH
Plumstead Eagles batting - Pitching for Manhatten Meatheads : RHP Jesús Medina
Batting: LHB Ryan Flynn 0-0: Ball
1-0: Fly out, F3 (Popup, 3S)
Batting: RHB Rob Brady 0-0: Foul Ball, location: 2F
0-1: Foul Ball, location: 2F
0-2: Ball
1-2: Ball
2-2: Foul Ball, location: 2F
2-2: SINGLE (Flyball, 8LS)
Batting: RHB Wilson Durán 0-0: Foul Ball, location: 2F
0-1: Foul Ball, location: 2F
0-2: Ball
1-2: SINGLE (Groundball, 56D)
Rob Brady to second
Batting: RHB Carlos Palomón 0-0: Called Strike
0-1: Foul Ball, location: 2F
0-2: Ball
1-2: Foul Ball, location: 2F
1-2: Ball
2-2: Strikes out looking
Batting: RHB Kolomon Meise 0-0: Called Strike
0-1: Ball
1-1: Fly out, F7 (Flyball, 7S)
Bottom of the 6th over - 0 run(s), 2 hit(s), 0 error(s), 2 left on base; Manhatten 0 - Plumstead 3
TOP OF THE 7TH
Manhatten Meatheads batting - Pitching for Plumstead Eagles : RHP Millard Manning
Batting: LHB Eric Dillard 0-0: SINGLE (Groundball, 5D)
Batting: RHB Lúcio Sánchez 0-0: Ball
1-0: Called Strike
1-1: Ball
2-1: Foul Ball, location: 2F
2-2: Ball
3-2: Foul Ball, location: 2F
3-2: Fly out, F8 (Flyball, 89M)
Batting: RHB Pedro Delgado 0-0: Fly out, F8 (Flyball, 8LM)
Batting: RHB Luis Reynoso 0-0: Called Strike
Eric Dillard steals 2nd base
0-1: DOUBLE (Flyball, 89M)
Eric Dillard scores
Batting: LHB Manuel Ortega 0-0: Ball
1-0: Ball
2-0: Ball
3-0: Base on Balls
Pinch Hitting: SHB José Sousa 0-0: Ball
1-0: Ball
2-0: Ball
3-0: Called Strike
3-1: Swinging Strike
3-2: Fly out, F7 (Flyball, 7S)
Top of the 7th over - 1 run(s), 2 hit(s), 0 error(s), 2 left on base; Manhatten 1 - Plumstead 3
BOTTOM OF THE 7TH
Plumstead Eagles batting - Pitching for Manhatten Meatheads : RHP Jesús Medina
Now at 2B: Tim Bonner
Batting: RHB Lúcio Alfaro 0-0: Foul Ball, location: 2F
0-1: Ball
1-1: Ground out 1-3 (Groundball, 15S)
Batting: LHB Dennis McConnell 0-0: Called Strike
0-1: Ball
1-1: Ball
2-1: Swinging Strike
2-2: Ball
3-2: Base on Balls
Batting: RHB Diego Ledezma Balk!
Dennis McConnell to second
0-0: Ball
Wild Pitch!
Dennis McConnell to third
1-0: Ball
2-0: Ball
3-0: Called Strike
3-1: SINGLE (Groundball, 56D)
Dennis McConnell scores
Batting: LHB Roberto Rodríguez 0-0: Ball
1-0: Ball
2-0: Called Strike
2-1: Ball
3-1: SINGLE (Groundball, 34D)
Diego Ledezma to second
Runner from 2nd tries for 3rd, SAFE, no throw
Pitching: LHP Miguel Angel Meléndez
Batting: LHB Ryan Flynn 0-0: Ball
1-0: Fielders Choice at 2nd, 1-6 (Groundball, P)
Pitching: RHP Glenn Ellison
Batting: RHB Rob Brady 0-0: Called Strike
0-1: Ball
1-1: Foul Ball, location: 2F
1-2: Strikes out swinging
Bottom of the 7th over - 1 run(s), 2 hit(s), 0 error(s), 2 left on base; Manhatten 1 - Plumstead 4
TOP OF THE 8TH
Manhatten Meatheads batting - Pitching for Plumstead Eagles : RHP Millard Manning
Batting: RHB George Green 0-0: SINGLE (Groundball, 25) (infield hit)
Pitching: RHP Manny Ramos
Batting: LHB Brent Haynes 0-0: Ball
1-0: Ball
2-0: Ball
3-0: Base on Balls
George Green to second
Batting: RHB José Esparza 0-0: Foul Ball, location: 2F
0-1: Foul Ball, location: 2F
0-2: Strikes out looking
Pitching: LHP Jake Davis
Batting: LHB Eric Dillard 0-0: Foul Ball, location: 2F
0-1: Ball
1-1: Foul Ball, location: 2F
1-2: Ball
2-2: Ball
3-2: Strikes out swinging
Pitching: RHP Gustavo Hernández
Batting: RHB Lúcio Sánchez 0-0: Ball
1-0: Foul Ball, location: 2F
1-1: Called Strike
1-2: Strikes out looking
Top of the 8th over - 0 run(s), 1 hit(s), 0 error(s), 2 left on base; Manhatten 1 - Plumstead 4
BOTTOM OF THE 8TH
Plumstead Eagles batting - Pitching for Manhatten Meatheads : RHP Glenn Ellison
Batting: RHB Wilson Durán 0-0: Ball
1-0: Called Strike
1-1: Foul Ball, location: 2F
1-2: Strikes out looking
Batting: RHB Carlos Palomón 0-0: Called Strike
0-1: Foul Ball, location: 2F
0-2: Strikes out looking
Batting: RHB Kolomon Meise 0-0: Swinging Strike
0-1: Ball
1-1: Called Strike
1-2: Ball
2-2: Strikes out swinging
Bottom of the 8th over - 0 run(s), 0 hit(s), 0 error(s), 0 left on base; Manhatten 1 - Plumstead 4
TOP OF THE 9TH
Manhatten Meatheads batting - Pitching for Plumstead Eagles : RHP Gustavo Hernández
Pitching: RHP Jesús Manuel
Batting: RHB Pedro Delgado 0-0: Ball
1-0: Called Strike
1-1: Swinging Strike
1-2: Ball
2-2: Ball
3-2: Strikes out swinging
Batting: RHB Luis Reynoso 0-0: Called Strike
0-1: Fly out, F7 (Flyball, 78M)
Batting: LHB Manuel Ortega 0-0: Foul Ball, location: 2F
0-1: Fly out, F7 (Flyball, 78M)
Top of the 9th over - 0 run(s), 0 hit(s), 0 error(s), 0 left on base; Manhatten 1 - Plumstead 4
Tuesday, August 8th, 2017 - OOTP Baseball 17.12 Build 75